 Dungeon Crawl Stone Soup version 0.30-a0-1035-g38d5fb2972 (webtiles) character file.

Game seed: 15199067132259574671

123 cheesebisquit the Chopper (level 5, -1/47 HPs)
             Began as a Hill Orc Monk on Apr 8, 2023.
             Slain by a black bear (2 damage)
             ... on level 4 of the Dungeon.
             The game lasted 00:06:41 (1949 turns).

cheesebisquit the Chopper (Hill Orc Monk)           Turns: 1949, Time: 00:06:42

Health: -1/47      AC:  6    Str: 16    XL:     5   Next: 7%
Magic:  5/5        EV: 11    Int: 10    God:
Gold:   124        SH:  0    Dex: 13    Spells: 4/4 levels left

rFire   . . .      SeeInvis .    a - +0 hand axe
rCold   . . .      Faith    .    (no shield)
rNeg    . . .      Spirit   .    d - +0 ring mail
rPois   .          Reflect  .    n - +0 helmet
rElec   .          Rampage  .    (no cloak)
rCorr   .                        (no gloves)
Will    .....                    (no boots) Stlth
                                 (no amulet)
HPRegen 0.27/turn                (no ring)
MPRegen 0.09/turn                (no ring)

@: confused, ambrosia-drunk
A: no striking features
a: no special abilities


You were on level 4 of the Dungeon.
You visited 1 branch of the dungeon, and saw 4 of its levels.

You collected 124 gold pieces.

Inventory:

Hand Weapons
 a - a +0 hand axe (weapon)
 k - a +4 sling
Armour
 b - a +0 robe
 d - a +0 ring mail (worn)
 n - a +0 helmet (worn)
Jewellery
 t - an amulet of faith
Wands
 v - a wand of iceblast (9) (quivered)
Scrolls
 e - a scroll of enchant weapon {unknown}
 f - a scroll of vulnerability {unknown}
 h - 7 scrolls of identify {unknown}
 i - a scroll of fear {unknown}
 l - a scroll of noise {unknown}
 o - a scroll of magic mapping {unknown}
 p - a scroll of teleportation {unknown}
 q - a scroll of immolation {unknown}
Potions
 g - a potion of haste {unknown}
 j - 4 potions of curing {unknown}
 m - 2 potions of flight {unknown}
 r - a potion of might {unknown}
 s - a potion of mutation {unknown}
 u - a potion of lignification {unknown}


   Skills:
 + Level 4.5 Fighting
 * Level 5.8 Axes
 + Level 2.1 Armour
 - Level 2.5 Dodging
 - Level 1.7 Stealth


You had 4 spell levels left.
You didn't know any spells.
Your spell library contained the following spells:

 Spells                   Type           Power      Damage    Failure   Level
 Summon Small Mammal      Summ           0%         N/A       56%         1
 Blink                    Tloc           0%         N/A       71%         2
 Ensorcelled Hibernation  Hex/Ice        0%         N/A       71%         2
 Lesser Beckoning         Tloc           0%         N/A       71%         2
 Momentum Strike          Conj/Tloc      0%         3d8       71%         2
 Call Canine Familiar     Summ           0%         N/A       91%         3
 Hailstorm                Conj/Ice       0%         3d3       91%         3
 Spider Form              Tmut/Pois      0%         N/A       91%         3
 Summon Guardian Golem    Hex/Summ       0%         N/A       91%         3
 Anguish                  Hex/Necr       0%         N/A       100%        4
 Ice Form                 Ice/Tmut       0%         N/A       100%        4
 Simulacrum               Ice/Necr       0%         N/A       100%        6


Dungeon Overview and Level Annotations

Branches:
Dungeon (4/15)
 Temple: D:4-7

Altars:

Shops:
D:2 (   D:3 (


Message History

The black bear bites you.
The black bear claws you but does no damage. x2
You closely miss the black bear.
The black bear is severely wounded.
The black bear bites you. The black bear claws you.
The black bear claws you but does no damage.
You closely miss the black bear.
The black bear is severely wounded.
The black bear closely misses you.
The black bear claws you but does no damage.
The black bear barely misses you.
You slash the black bear!
The black bear is almost dead.
The black bear closely misses you. The black bear barely misses you.
The black bear closely misses you.
You barely miss the black bear.
The black bear is almost dead.
The black bear goes berserk!
You closely miss the black bear.
The black bear is almost dead.
The black bear bites you.
* * * LOW HITPOINT WARNING * * *
The black bear claws you but does no damage. x2
The black bear barely misses you.
The black bear claws you but does no damage.
The black bear completely misses you.
You are confused.
You feel invigorated. The black bear bites you.
* * * LOW HITPOINT WARNING * * *
The black bear claws you but does no damage. x2
You hit the black bear.
The black bear is almost dead.
The black bear bites you!
* * * LOW HITPOINT WARNING * * *
The black bear completely misses you. The black bear claws you.
* * * LOW HITPOINT WARNING * * *
The black bear bites you!
* * * LOW HITPOINT WARNING * * *
The black bear closely misses you. The black bear claws you.
You die...

...# ..#.#### ### #.##.##
##.. #.##..# #... #.#...##
#... #......# ##...
#......#####....
########...............
######....h@..........#####.
..........###.......### ##
#......### ##......# #
#........# #......#
..........# #......#
...........# ##..####
............# #.##
............# .#
...........##


You could see a black bear (berserk).

Vanquished Creatures
  A hound (D:4)
  3 adders
  2 dart slugs (D:3)
  4 orcs (D:3)
  6 endoplasms
  A giant cockroach (D:4)
  5 goblins
  8 hobgoblins
  2 jackals (D:1)
  2 quokkas (D:1)
  4 ball pythons
  4 bats
  7 frilled lizards
  A kobold (D:3)
  9 rats
59 creatures vanquished.

Notes
Turn   | Place    | Note
-------+----------+-------------------------------------------
     0 | D:1      | cheesebisquit the Hill Orc Monk began the quest for the
                  | Orb.
     0 | D:1      | Reached XP level 1. HP: 19/19 MP: 1/1
    86 | D:1      | Reached XP level 2. HP: 27/27 MP: 2/2
   133 | D:1      | You fall into a shaft and drop 1 floor!
   577 | D:2      | Found Jigiqem's Antique Weapon Shoppe.
   675 | D:2      | Reached XP level 3. HP: 30/33 MP: 3/3
   693 | D:2      | Reached skill level 1 in Armour
   828 | D:2      | Found a faded altar of an unknown god.
   927 | D:2      | Reached skill level 5 in Axes
  1229 | D:3      | Reached XP level 4. HP: 37/40 MP: 4/4
  1377 | D:3      | Found Yfrach's Weapon Emporium.
  1913 | D:4      | Noticed a black bear
  1927 | D:4      | Reached XP level 5. HP: 42/47 MP: 5/5
  1949 | D:4      | HP: 1/47 [black bear (8)]
  1949 | D:4      | Slain by a black bear

Illustrated notes

Levels and vault maps discovered:
D:1:      ebering_hopf_link, layout_rooms
D:2:      layout_loops_ring, serial_shops, shop_statue, basic_ecumenical_altar
D:3:      layout_rooms, serial_shops, nicolae_shop_advertising_works
          [nicolae_subvault_shop_adworks], wander_ebering_terrifying_dragon_lair
D:4:      layout_cave_pods, zin_statuary

Skill      XL: |  1  2  3  4 |
---------------+-------------+-----
Fighting       | 4 |  4.5
Armour         | 1 2 |  2.1
Axes           | 5 |  5.8
Dodging        | |  2.5
Stealth        | |  1.7

Action                     |  1- 3 |  4- 6 || total
---------------------------+-------+-------++-------
  Melee: Hand axe          |   132 |    88 ||   220
  Throw: Throwing net      |     1 |       ||     1
  Evoke: Wand              |       |     1 ||     1
    Use: Potion            |       |     1 ||     1
   Stab: Sleeping          |     2 |     1 ||     3
 Armour: Robe              |     3 |       ||     3
         Ring mail         |    43 |    42 ||    85
  Dodge: Dodged            |    84 |    76 ||   160

Table legend: (Time is in decaauts)
 A = Elapsed time spent in this place.
 B = Non-inter-level travel time spent in this place.
 C = Inter-level travel time spent in this place.
 D = Time resting spent in this place.
 E = Time spent auto-exploring this place.
 F = Levels seen in this place.
 G = Mean time per level.
                   A        B        C        D        E       F      G
               +--------+--------+--------+--------+--------+-----+--------+
         Total |   1959 |   1909 |     50 |      0 |   1428 |   4 |  489.8 |
       Dungeon |   1959 |   1909 |     50 |      0 |   1428 |   4 |  489.8 |
               +--------+--------+--------+--------+--------+-----+--------+

Top non-repeatable levels by time:
     D:2: 626 daAuts
     D:3: 603 daAuts
     D:1: 533 daAuts
     D:4: 196 daAuts
